 Dungeon Crawl Stone Soup version 0.20.0 (webtiles) character file.

212988 SubscribeToDemise the Executioner (level 17, -1/170 HPs)
             Began as a Minotaur Berserker on June 10, 2017.
             Was a High Priest of Trog.
             Slain by a phantasmal warrior (23 damage)
             ... on level 1 of the Vaults.
             The game lasted 00:22:57 (28110 turns).

SubscribeToDemise the Executioner (MiBe)           Turns: 28110, Time: 00:22:58

Health: -1/170     AC: 13    Str: 38    XL:     17   Next: 79%
Magic:  16/16      EV: 15    Int:  4    God:    Trog [*****.]
Gold:   1621       SH:  0    Dex: 14    Spells: 16/16 levels left

rFire    . . .     SeeInvis .   a - +5 executioner's axe (vamp) {!w}
rCold    + . .     Gourm    .   (shield currently unavailable)
rNeg     . . .     Faith    +   u - +1 swamp dragon scales
rPois    +         Spirit   .   o - +0 hat {MR+}
rElec    +         Reflect  .   p - +1 cloak
rCorr    .         Harm     .   v - +0 pair of gloves
MR       +....                  y - +0 pair of boots of the Aged Beggars {rC+}
Stlth    ..........             m - amulet of Jaimnexu {Faith rElec Str+9 Stlth-}
Regen    0.4/turn               K - ring of protection from magic
MPRegen  0.2/turn               Q - +4 ring of strength

@: vulnerable, marked, corroded, berserk cooldown, slowed, very slow
A: retaliatory headbutt, horns 2
}: 2/15 runes: decaying, gossamer
a: Berserk, Trog's Hand, Brothers in Arms, Burn Spellbooks, Renounce Religion


You were on level 1 of the Vaults.
You worshipped Trog.
Trog was extremely pleased with you.
You were not hungry.

You visited 5 branches of the dungeon, and saw 29 of its levels.

You collected 1643 gold pieces.
You spent 22 gold pieces at shops.

Inventory:

Hand Weapons
 a - a +5 vampiric executioner's axe (weapon) {!w}
 q - a +1 war axe of flaming
 w - the +8 executioner's axe "Pucecaj" {venom, rF+ Dex-5 SInv}
   (Trog gifted it to you on level 6 of the Lair of Beasts)

   It poisons the flesh of those it strikes.
   It affects your dexterity (-5).
   It protects you from fire.
   It lets you see invisible.
 F - the +8 battleaxe "ETAOIN SHRDLU" {elec, rN+}
   (Trog gifted it to you on level 14 of the Dungeon)

   Occasionally, upon striking a foe, it will discharge some electrical energy
   and cause terrible harm.
   It protects you from negative energy.
 I - a +5 vampiric battleaxe {!w}
Armour
 o - a +0 hat of magic resistance (worn)
 p - a +1 cloak (worn)
 u - +1 swamp dragon scales (worn)
 v - a +0 pair of gloves (worn)
 y - the +0 pair of boots of the Aged Beggars (worn) {rC+}
   (You acquired it on level 14 of the Dungeon)

   It protects you from cold.
Jewellery
 d - an uncursed amulet of harm {unknown}
 m - the amulet of Jaimnexu (around neck) {Faith rElec Str+9 Stlth-}
   (You found it on level 5 of the Dungeon)

   [amulet of faith]

   It allows you to gain divine favour quickly.
   It affects your strength (+9).
   It insulates you from electricity.
   It makes you less stealthy.
 x - a +2 ring of intelligence
 K - a ring of protection from magic (left hand)
 Q - a +4 ring of strength (right hand)
Wands
 b - a wand of digging (6/24)
 C - a wand of acid (8/15)
Scrolls
 i - 5 scrolls of identify
 l - a scroll of teleportation
 r - 5 scrolls of recharging
 z - 10 scrolls of remove curse
 M - a scroll of enchant armour
 P - a scroll of magic mapping
Potions
 e - 6 potions of curing
 f - 4 potions of magic
 g - 4 potions of ambrosia
 h - a potion of berserk rage
 j - 5 potions of flight
 n - a potion of lignification {!q}
 t - a potion of invisibility
 A - a potion of mutation {!q!q}
 D - a potion of resistance
 E - 2 potions of haste
 G - 2 potions of agility
 L - a potion of cancellation {unknown}
 N - a potion of might {unknown}
Comestibles
 c - 4 bread rations
 B - 10 fruits
 O - 3 meat rations


   Skills:
 + Level 20.0 Fighting
 * Level 26.2 Axes
 + Level 12.3 Armour
 + Level 5.9 Dodging


You had 16 spell levels left.
You didn't know any spells.

Dungeon Overview and Level Annotations

Branches:
Dungeon (14/15)              Lair (6/6) D:11          Swamp (4/4) Lair:3
 Spider (4/4) Lair:3        Slime (0/5) Lair:6          Orc (0/2) D:12
 Vaults (1/5) D:14
 Temple: D:4-7

Altars:
Ashenzari
Dithmenos
Gozag
Nemelex Xobeh
Okawaru
The Shining One
Jiyva

Shops:
D:5 ?   D:10 (   D:14 }

Annotations:
D:8 SubscribeToDemise's ghost, novice MiBe
Lair:4 exclusion: 4 oklob plants
Spider:2 exclusion: Roxanne, Roxanne


Innate Abilities, Weirdness & Mutations

You reflexively headbutt those who attack you in melee.
You have a pair of horns on your head.


Message History

* * * LOW HITPOINT WARNING * * *
Unknown command.
Okay, then.
Unknown command.
Okay, then.
You feel much better.
You feel sick. The phantasmal warrior hits you!!
* * * LOW HITPOINT WARNING * * *
The phantasmal warrior hits you.
* * * LOW HITPOINT WARNING * * *
Your magical defenses are stripped away!
You hear a shout!
Unknown command.
Unknown command.
Unknown command.
Okay, then.
Unknown command.
You feel better.
You hear a shout! x4
The phantasmal warrior hits you!!
You die...

..... .... ###
... ..## #'######
...# #......# ###
#..## #))....+
#... #[)#
#.)....# ....
#[###......#
###..#.(##).@...#
#)...#([))))W...#
###..#.[##(.....#
...)##.###......#
#...##..#
#..∩..(#
#####..##
#......# ...#
#......# ..##
#......# ##
########


You could see a phantasmal warrior.

Vanquished Creatures
  Bai Suzhen (Swamp:4)
  Nikola (Spider:3)
  Arachne (Spider:3)
  2 thorn hunters (Swamp:3)
  Agnes (Spider:3)
  A tengu reaver (Vaults:1)
  A vault warden (Vaults:1)
  2 ghost moths (Spider:4)
  A ghoul (Swamp:2)
  9 emperor scorpions
  A very ugly thing (Swamp:4)
  3 entropy weavers
  A stone giant (Vaults:1)
  A spark wasp (Spider:3)
  An ettin (Vaults:1)
  2 yaktaur captains (Vaults:1)
  21 hydras
  3 ogre magi (Vaults:1)
  A great orb of eyes (Vaults:1)
  5 catoblepae
  2 centaur warriors
  The ghost of SubscribeToDemise the Severer, a novice MiBe of Trog (D:9)
  4 two-headed ogres
  A ghost crab (Swamp:4)
  The ghost of SubscribeToDemise the Cleaver, a novice MiBe of Trog (Lair:1)
  7 alligators
  2 tengu warriors (D:14)
  7 death yaks (Lair:6)
  A spriggan berserker (Swamp:4)
  A deep troll (Vaults:1)
  2 skeletal warriors (D:12)
  3 unseen horrors
  7 swamp dragons
  2 orc knights (Vaults:1)
  A necromancer (D:14)
  2 shambling mangroves
  23 orb spiders
  A lindwurm (D:14)
  3 ironbrand convokers (Vaults:1)
  A deep elf mage (D:14)
  Pikel (D:5)
  6 ugly things
  29 wolf spiders
  2 cyclopes
  2 manticores (Lair:6)
  13 elephants
  2 moths of wrath (Spider:4)
  2 vault sentinels (Vaults:1)
  Joseph (D:7)
  A centaur zombie (D:13)
  19 spiny frogs
  3 gargoyles
  A torpor snail (Spider:2)
  A rime drake (Lair:3)
  2 kobold demonologists
  10 demonic crawlers
  5 komodo dragons
  35 jumping spiders
  3 freezing wraiths
  9 hornets
  2 trolls (D:14)
  2 polar bears
  4 tyrant leeches
  27 blink frogs
  14 bog bodies
  7 slime creatures (Swamp:3)
  6 hippogriffs
  36 tarantellas
  9 dream sheep (Lair:6)
  A centaur simulacrum (D:13)
  Sigmund (D:5)
  A vampire (D:14)
  2 shadows
  61 redbacks
  44 yaks
  A human (D:7)
  A wraith (D:9)
  5 wyverns
  2 hungry ghosts
  18 vampire mosquitoes
  4 basilisks
  3 hogs (D:7)
  25 swamp worms
  10 insubstantial wisps
  A soldier ant (D:12)
  17 water moccasins
  8 porcupines
  6 orc warriors
  13 swamp drakes
  5 ice beasts
  4 sky beasts
  4 slaves (D:5)
  An eye of draining (D:9)
  5 necrophages
  3 ogres
  An eye of draining (shapeshifter) (D:14)
  7 centaurs
  5 wolves (Lair:6)
  12 crocodiles
  A big kobold (D:12)
  2 gnoll sergeants
  12 bullfrogs
  4 scorpions
  3 electric eels
  2 howler monkeys
  2 crimson imps
  5 jellies
  A bullfrog zombie (D:10)
  2 centaur skeletons
  7 orc priests
  5 hounds
  A bullfrog skeleton (D:10)
  7 orc wizards
  Jessica (D:2)
  3 iguanas
  2 worker ants
  11 adders
  10 gnolls
  2 shadow imps (D:11)
  An adder skeleton (D:9)
  2 worms
  2 dart slugs
  3 leopard geckos
  19 orcs
  A giant cockroach (D:5)
  3 quokkas
  A ball python (D:2)
  A bat (D:1)
  2 frilled lizards
  2 jackal skeletons
  6 kobolds
  2 briar patches (Swamp:3)
  6 fungi
  2 plants
792 creatures vanquished.

Vanquished Creatures (collateral kills)
  An ettin (Vaults:1)
  A hydra (Swamp:4)
  A shambling mangrove (Swamp:4)
  A swamp dragon (Swamp:4)
  A redback (Spider:1)
  A swamp drake (Swamp:4)
  An electric eel (Spider:1)
7 creatures vanquished.

Vanquished Creatures (others)
  An entropy weaver (Spider:3)
  An orb spider (Spider:3)
  A hornet (Swamp:4)
  A bog body (Swamp:2)
  A redback (Spider:4)
  A spriggan (Swamp:2)
  3 briar patches (Swamp:3)
  6 fungi
  3 plants
18 creatures vanquished.

Grand Total: 817 creatures vanquished

Notes
Turn   | Place    | Note
-------+----------+-------------------------------------------
     0 | D:1      | SubscribeToDemise the Minotaur Berserker began the quest for the Orb.
     0 | D:1      | Reached XP level 1. HP: 19/19 MP: 0/0
    48 | D:2      | Noticed Jessica
    50 | D:2      | Killed Jessica
    50 | D:2      | Reached skill level 4 in Axes
    50 | D:2      | Reached XP level 2. HP: 25/27 MP: 1/1
    56 | D:2      | Reached XP level 3. HP: 30/33 MP: 2/2
   144 | D:2      | Reached skill level 5 in Axes
   148 | D:2      | Reached XP level 4. HP: 22/41 MP: 3/3
   459 | D:3      | Reached ** piety under Trog
   535 | D:4      | Found an opulent altar of Gozag.
   602 | D:4      | Reached skill level 6 in Axes
   602 | D:4      | Reached XP level 5. HP: 47/47 MP: 4/4
   647 | D:5      | Entered Level 5 of the Dungeon
   668 | D:5      | Found Yxtiefak's Magic Scroll Emporium.
   671 | D:5      | Noticed Sigmund
   690 | D:5      | Killed Sigmund
   690 | D:5      | Reached skill level 5 in Fighting
   690 | D:5      | Reached skill level 7 in Axes
   690 | D:5      | Reached XP level 6. HP: 21/56 MP: 5/5
   703 | D:5      | Bought a scroll of identify for 22 gold pieces
   890 | D:5      | Noticed a slave
   890 | D:5      | Noticed a slave
   890 | D:5      | Noticed a slave
   891 | D:5      | Noticed Pikel
   892 | D:5      | Noticed a slave
   897 | D:5      | Killed a slave
   898 | D:5      | Killed a slave
   901 | D:5      | Killed a slave
   905 | D:5      | Killed a slave
   911 | D:5      | Killed Pikel
   911 | D:5      | Reached skill level 8 in Axes
   911 | D:5      | Reached XP level 7. HP: 56/64 MP: 6/6
  1029 | D:5      | Got a brightly glowing crystal amulet
  1030 | D:5      | Identified the amulet of Jaimnexu {Faith rElec Str+9 Stlth-} (You found it on level 5 of the Dungeon)
  1144 | D:5      | Reached skill level 9 in Axes
  1458 | D:5      | Reached XP level 8. HP: 37/73 MP: 7/7
  1863 | D:7      | Reached skill level 10 in Axes
  1871 | D:7      | Reached skill level 11 in Axes
  2205 | D:8      | Reached XP level 9. HP: 74/82 MP: 8/8
  2207 | D:8      | Noticed a skeletal warrior
  2207 | D:8      | Noticed a skeletal warrior
  2207 | D:8      | Noticed a skeletal warrior
  2255 | D:7      | Reached *** piety under Trog
  2324 | D:7      | Reached skill level 12 in Axes
  2427 | D:7      | Noticed Joseph
  2436 | D:7      | Killed Joseph
  2658 | D:8      | Reached skill level 13 in Axes
  2713 | D:8      | Noticed SubscribeToDemise's ghost (novice MiBe)
  2809 | D:9      | Reached skill level 10 in Fighting
  2923 | D:9      | Noticed SubscribeToDemise's ghost (novice MiBe)
  2933 | D:9      | Killed SubscribeToDemise's ghost
  2933 | D:9      | Reached skill level 14 in Axes
  2933 | D:9      | Reached XP level 10. HP: 94/94 MP: 9/9
  3880 | D:9      | Found a faded altar of an unknown god.
  3880 | D:9      | Found an iron altar of Okawaru.
  3885 | D:9      | Found a faded altar of an unknown god.
  3887 | D:9      | Found a sparkling altar of Nemelex Xobeh.
  3888 | D:9      | Found a shadowy altar of Dithmenos.
  3939 | D:10     | Entered Level 10 of the Dungeon
  3952 | D:10     | Reached **** piety under Trog
  4016 | D:10     | Found Bur Men's Antique Weapon Shop.
  4040 | D:10     | Noticed a two-headed ogre
  4043 | D:10     | Noticed a gargoyle
  4048 | D:10     | Killed a two-headed ogre
  4048 | D:10     | Reached skill level 15 in Axes
  4053 | D:10     | Killed a gargoyle
  4489 | D:10     | Found a shattered altar of Ashenzari.
  4736 | D:10     | Killed an unseen horror
  4736 | D:10     | Reached XP level 11. HP: 75/104 MP: 10/10
  4867 | D:11     | Reached skill level 16 in Axes
  4919 | D:11     | Noticed a sun demon
  5076 | D:11     | Reached ***** piety under Trog
  5115 | D:11     | HP: 4/105 [basilisk (11)]
  5394 | D:11     | Found a staircase to the Lair.
  5918 | Lair:1   | Entered Level 1 of the Lair of Beasts
  5924 | Lair:1   | Reached skill level 17 in Axes
  5954 | Lair:1   | Noticed SubscribeToDemise's ghost (novice MiBe)
  6024 | Lair:1   | Killed SubscribeToDemise's ghost
  6035 | D:11     | Noticed a two-headed ogre
  7187 | Lair:2   | Reached skill level 18 in Axes
  7189 | Lair:2   | Reached XP level 12. HP: 82/115 MP: 11/11
  8254 | Lair:3   | Found a hole to the Spider Nest.
  8280 | Lair:3   | Noticed a six-headed hydra
  8295 | Lair:3   | Killed a 14-headed hydra
  8693 | Lair:3   | Noticed an eight-headed hydra
  8700 | Lair:3   | Killed an 11-headed hydra
  8737 | Lair:3   | Noticed a four-headed hydra
  8754 | Lair:3   | Killed a seven-headed hydra
  8806 | Lair:3   | Found a staircase to the Swamp.
  9028 | Lair:3   | Noticed a catoblepas
  9037 | Lair:3   | Killed a catoblepas
  9037 | Lair:3   | Reached skill level 19 in Axes
  9707 | Lair:4   | Received a gift from Trog
  9771 | Lair:4   | Noticed a seven-headed hydra
  9778 | Lair:4   | Killed a nine-headed hydra
 10571 | Lair:5   | Noticed a five-headed hydra
 10580 | Lair:5   | Killed a nine-headed hydra
 11032 | Lair:6   | Entered Level 6 of the Lair of Beasts
 11034 | Lair:6   | Noticed a catoblepas
 11053 | Lair:6   | Reached XP level 13. HP: 125/125 MP: 12/12
 11057 | Lair:6   | Reached skill level 20 in Axes
 11225 | Lair:6   | Found a staircase to the Slime Pits.
 11225 | Lair:6   | Found a viscous altar of Jiyva.
 11307 | Lair:6   | Reached skill level 15 in Fighting
 11311 | Lair:6   | Received a gift from Trog
 11331 | Lair:6   | Got an ichor-stained executioner's axe {god gift}
 11334 | Lair:6   | Identified the +8 executioner's axe "Pucecaj" {venom, rF+ Dex-5 SInv} (Trog gifted it to you on level 6 of the Lair of Beasts)
 11757 | Lair:6   | Reached skill level 21 in Axes
 12397 | Lair:6   | Reached XP level 14. HP: 107/137 MP: 13/13
 12405 | Lair:6   | Received a gift from Trog
 12456 | Lair:6   | Reached skill level 22 in Axes
 13050 | Swamp:1  | Entered Level 1 of the Swamp
 13797 | Swamp:2  | Noticed a ghoul
 14108 | Swamp:1  | Reached ****** piety under Trog
 14357 | Swamp:2  | Killed a ghoul
 14399 | Swamp:3  | Received a gift from Trog
 14870 | Swamp:3  | Reached skill level 23 in Axes
 14981 | Swamp:3  | Noticed a thorn hunter
 14998 | Swamp:3  | Killed a thorn hunter
 15034 | Swamp:3  | Noticed a thorn hunter
 15934 | Swamp:4  | Entered Level 4 of the Swamp
 15960 | Swamp:4  | Noticed Bai Suzhen
 15974 | Swamp:4  | Killed Bai Suzhen
 15974 | Swamp:4  | Reached XP level 15. HP: 147/147 MP: 14/14
 16011 | Swamp:4  | Reached skill level 5 in Armour
 16380 | Swamp:4  | HP: 20/220 [ten-headed hydra (8)]
 16387 | Swamp:4  | HP: 22/220 [eight-headed hydra (11)]
 16784 | Swamp:4  | Received a gift from Trog
 17435 | Swamp:3  | Killed a thorn hunter
 18044 | Swamp:4  | Got an encrusted battleaxe
 18046 | Swamp:4  | Got a decaying rune of Zot
 18097 | Swamp:4  | Reached skill level 24 in Axes
 18305 | Spider:1 | Entered Level 1 of the Spider Nest
 19007 | Spider:1 | Received a gift from Trog
 19167 | Spider:1 | HP: 10/150 [wolf spider (12)]
 19167 | Spider:1 | HP: 4/150 [wolf spider (6)]
 20083 | Spider:2 | Reached XP level 16. HP: 129/159 MP: 15/15
 20715 | Spider:2 | Noticed Roxanne
 21301 | Spider:3 | Noticed Arachne
 21323 | Spider:3 | Killed Arachne
 21683 | Spider:3 | Identified the +8 battleaxe of Undoing {chop, *Noise rPois rC+} (You found it on level 4 of the Swamp)
 21877 | Spider:3 | Noticed Nikola
 21890 | Spider:3 | Received a gift from Trog
 21894 | Spider:3 | Noticed Agnes
 21899 | Spider:3 | HP: 2/159 [Agnes/lajatang of electrocution (26)]
 22923 | Spider:3 | Killed Agnes
 23106 | Spider:2 | Reached skill level 25 in Axes
 23106 | Spider:2 | Reached skill level 10 in Armour
 23179 | Spider:3 | Killed Nikola
 23222 | Spider:4 | Entered Level 4 of the Spider Nest
 23597 | Spider:4 | HP: 11/240 [emperor scorpion (18)]
 23597 | Spider:4 | HP: 5/240 [emperor scorpion (6)]
 23606 | Spider:4 | HP: 8/160 [disintegration (31)]
 23611 | Spider:4 | HP: 9/160 [poisoned by a redback]
 23617 | Spider:4 | HP: 9/160 [poisoned by a redback]
 23623 | Spider:3 | HP: 11/160 [poisoned by a redback]
 24773 | Spider:4 | Reached XP level 17. HP: 168/168 MP: 0/16
 25614 | Spider:4 | Got a gossamer rune of Zot
 26110 | D:12     | Found a staircase to the Orcish Mines.
 26117 | D:12     | Received a gift from Trog
 26856 | D:13     | Identified a scroll of acquirement
 27340 | D:14     | Found Epnicuos's Gadget Shoppe.
 27359 | D:14     | Reached skill level 26 in Axes
 27427 | D:14     | Found a shadowy altar of Dithmenos.
 27448 | D:14     | Found a glowing golden altar of the Shining One.
 27450 | D:14     | Got a pair of bloodstained boots
 27461 | D:14     | Identified the +0 pair of boots of the Aged Beggars {rC+} (You acquired it on level 14 of the Dungeon)
 27580 | D:14     | Reached skill level 5 in Dodging
 27786 | D:14     | Received a gift from Trog
 27822 | D:14     | Got a transparent battleaxe {god gift}
 27856 | D:14     | Identified the +8 battleaxe "ETAOIN SHRDLU" {elec, rN+} (Trog gifted it to you on level 14 of the Dungeon)
 27922 | D:14     | Found a gate to the Vaults.
 27983 | Vaults:1 | Entered Level 1 of the Vaults
 28109 | Vaults:1 | HP: 13/170 [phantasmal warrior (28)]
 28110 | Vaults:1 | Slain by a phantasmal warrior

Skill      XL: |  1  2  3  4  5  6  7  8  9 10 11 12 13 14 15 16 17 |
---------------+----------------------------------------------------+-----
Fighting       | 4 5 6 7 8 10 12 13 14 16 17 18 19 20 | 20.0
Axes           | 4 5 6 7 8 9 11 14 15 18 19 21 23 24 25 26 | 26.2
Armour         | 4 8 11 12 | 12.3
Dodging        | 5 |  5.9

Action                   |  1- 3 |  4- 6 |  7- 9 | 10-12 | 13-15 | 16-18 || total
-------------------------+-------+-------+-------+-------+-------+-------++-------
Melee: Hand axe          |    15 |    58 |   140 |   242 |       |       ||   455
       Headbutt          |     2 |    10 |    51 |   145 |   182 |   144 ||   534
       War axe           |       |       |       |   144 |       |       ||   144
       Battleaxe         |       |       |       |    62 |   310 |       ||   372
       Executioner's axe |       |       |       |       |   323 |   556 ||   879
Invok: Berserk           |     1 |     2 |     6 |    16 |    17 |    13 ||    55
       Trog's Hand       |       |     1 |     1 |     7 |    19 |    16 ||    44
       Burn Spellbooks   |       |       |       |     2 |     3 |     2 ||     7
       Brothers in Arms  |       |       |       |       |     3 |     7 ||    10
Evoke: Wand              |       |       |       |       |       |     1 ||     1
  Use: Scroll            |       |     4 |     1 |    15 |    13 |    15 ||    48
       Potion            |       |     1 |       |     4 |     4 |     9 ||    18
 Stab: Distracted        |       |     1 |     1 |       |       |     1 ||     3
       Petrified         |       |       |       |     6 |       |       ||     6
       Invisible         |       |       |       |       |       |    10 ||    10
  Eat: Chunk             |       |     1 |    11 |    12 |    16 |    21 ||    61
       Bread ration      |       |       |     1 |     9 |     1 |     1 ||    12
       Meat ration       |       |       |       |       |     7 |       ||     7
       Royal jelly       |       |       |       |       |     2 |    10 ||    12
Armor: Animal skin       |       |     9 |     4 |       |       |       ||    13
       Plate armour      |       |       |    58 |   213 |    77 |       ||   348
       Skin              |       |       |       |    38 |     2 |       ||    40
       Swamp dragon scal |       |       |       |       |   253 |   337 ||   590
Dodge: Dodged            |    11 |    32 |    49 |   146 |   455 |   365 ||  1058
